 Dungeon Crawl Stone Soup version 0.26-a0-1132-ge9770dfcb6 (webtiles) character file.

Game seed: 3178787011000414328

11996 Gargoyl the Fighter (level 11, -4/89 HPs)
             Began as a Gnoll Abyssal Knight on Dec 18, 2020.
             Was an Elder of Lugonu.
             Killed from afar by a manticore (14 damage)
             ... with a volley of spikes
             ... on level 12 of the Dungeon on Dec 20, 2020.
             The game lasted 00:20:12 (14995 turns).

Gargoyl the Fighter (Gnoll Abyssal Knight)         Turns: 14995, Time: 00:20:13

Health: -4/89      AC: 14    Str: 20    XL:     11   Next: 86%
Magic:  17/18      EV: 16    Int: 14    God:    Lugonu [****..]
Gold:   56         SH:  5    Dex: 15    Spells: 23/23 levels left

rFire    . . .     SeeInvis .   y - +0 demon blade (freeze)
rCold    + . .     Faith    .   (no shield)
rNeg     . . .     Spirit   .   q - +2 chain mail {rC+}
rPois    .         Reflect  +   (helmet restricted)
rElec    .         Harm     .   w - scarf {repulsion}
rCorr    .         Rampage  .   (no gloves)
Will     .....                  k - +0 pair of boots
Stlth    ..........             j - amulet of reflection
HPRegen  0.24/turn              s - +4 ring of evasion
MPRegen  0.16/turn              (no ring)

@: barbed spikes, repel missiles
A: distributed training, fangs 1, horns 1, blurry vision 1, low mp 1, strong 1,
strong nose
a: Renounce Religion, Depart the Abyss, Bend Space, Banish, Corrupt


You were on level 12 of the Dungeon.
You worshipped Lugonu.
Lugonu was greatly pleased with you.
You visited 1 branch of the dungeon, and saw 12 of its levels.
You visited the Abyss 1 time.
You also visited: Ossuary.

You collected 56 gold pieces.

Inventory:

Hand Weapons
 a - a +1 hand axe
 r - a +0 whip of holy wrath
 y - a +0 demon blade of freezing (weapon)
Missiles
 g - 74 poisoned darts
Armour
 k - a +0 pair of boots (worn)
 q - a +2 chain mail of cold resistance (worn)
 w - a scarf of repulsion (worn)
Jewellery
 j - an amulet of reflection (around neck)
 l - the amulet "Ixarchom" {rN+ Regen+ Str+2 Stlth+}
   (You found it on level 11 of the Dungeon)

   [amulet of regeneration]

   It affects your strength (+2).
   It protects you from negative energy.
   It increases your rate of regeneration.
   It makes you more stealthy.
 s - a +4 ring of evasion (left hand)
Wands
 h - a wand of polymorph (14)
 o - a wand of flame (56)
 G - a wand of random effects (11)
Scrolls
 b - a scroll of fear
 d - 7 scrolls of teleportation
 i - 7 scrolls of remove curse
 t - a scroll of vulnerability {unknown}
 E - a scroll of enchant armour
Potions
 c - a potion of might
 e - 4 potions of lignification
 m - 3 potions of curing
 n - 2 potions of brilliance
 p - a potion of invisibility
 v - 3 potions of ambrosia
 A - a potion of berserk rage
Miscellaneous
 I - a condenser vane


   Skills:
 + Level 9.4 Fighting
 + Level 6.7 Short Blades
 + Level 6.7 Long Blades
 + Level 8.2 Axes
 + Level 6.7 Maces & Flails
 + Level 6.7 Polearms
 + Level 6.7 Staves
 + Level 6.7 Slings
 + Level 6.7 Bows
 + Level 6.7 Crossbows
 + Level 6.7 Throwing
 + Level 8.2 Armour
 + Level 7.2 Dodging
 + Level 6.7 Stealth
 + Level 6.7 Shields
 + Level 6.7 Unarmed Combat
 + Level 6.7 Spellcasting
 + Level 5.5 Conjurations
 + Level 5.5 Hexes
 + Level 5.5 Summonings
 + Level 5.5 Necromancy
 + Level 5.5 Translocations
 + Level 5.5 Transmutations
 + Level 5.5 Fire Magic
 + Level 5.5 Ice Magic
 + Level 5.5 Air Magic
 + Level 5.5 Earth Magic
 + Level 5.5 Poison Magic
 + Level 8.7 Invocations
 + Level 6.7 Evocations


You had 23 spell levels left.
You didn't know any spells.
Your spell library contained the following spells:

 Spells                   Type           Power        Failure   Level
 Animate Skeleton         Necr           40%          12%         1
 Apportation              Tloc           40%          12%         1
 Corona                   Hex            22%          12%         1
 Pain                     Necr           80%          12%         1
 Summon Small Mammal      Summ           80%          12%         1
 Slow                     Hex            20%          19%         2
 Inner Flame              Hex/Fire       20%          34%         3
 Portal Projectile        Hex/Tloc       40%          34%         3
 Vampiric Draining        Necr           10%          34%         3
 Animate Dead             Necr           10%          75%         4
 Cause Fear               Hex            10%          75%         4
 Leda's Liquefaction      Hex/Erth       10%          75%         4
 Agony                    Necr           20%          97%         5


Dungeon Overview and Level Annotations

Branches:
Dungeon (12/15)            Temple (0/1) D:5            Lair (0/6) D:8
Ossuary (visited)
    Orc: D:9-12

Altars:
Ashenzari
Elyvilon
Gozag
Kikubaaqudgha
Trog
Xom
Yredelemnul

Shops:
D:4 (

Annotations:
D:1 !
D:3 2 transporters
D:12 Maurice


Innate Abilities, Weirdness & Mutations

Your experience applies equally to all skills.
You have very sharp teeth.
Your uncanny sense of smell can sniff out nearby items.
You have a pair of small horns on your head.
Scrolls take you a little longer to read.
Your magical capacity is low. (-10% MP)
Your muscles are strong. (Str +2)


Message History

The wraith completely misses you.
You hear an angry hiss.
You hear a howl!
Space bends around you!
You blink.
A manticore comes into view.
The manticore flicks its tail.
The volley of spikes misses you.
The centaur wields a cursed -2 shortbow.
The centaur shoots an arrow.
The arrow hits you but does no damage.
The manticore bites you but does no damage.
You block the manticore's attack.
The manticore claws you but does no damage.
The manticore flicks its tail.
The volley of spikes hits something!
Reactivating autopickup.
You feel a bit more experienced.
You feel better.
The centaur shoots an arrow.
The arrow is repelled.
The manticore flicks its tail.
The volley of spikes hits you!
The barbed spikes become lodged in your body.
You die...

.. #....#.# #......#
.....###†.$.#.###......#
........................
......h#y#W###.#.......#
......H#.W.....#.......#
.......yc#.#####........
.......r.#.# #......##
.........#.# #.#.###..
.##...@H#.. ...#.# #.#
..............####.# #.#
..............##.#.###.#
..............##.....<..
.....(........##.#.###.#
.........H....# #.#
............... #.#
............... #.. ...


You could see 3 manticores, a wraith, 2 vampire mosquitoes, a shadow, a centaur,
a howler monkey and a quokka.

Vanquished Creatures
  Harold (D:7)
  A boulder beetle (D:11)
  A catoblepas (D:11)
  2 centaur warriors
  An unseen horror (D:11)
  A cyclops (D:11)
  An elephant (D:8)
  A hornet (D:11)
  2 trolls
  2 wyverns (D:11)
  2 basilisks (D:8)
  A vampire mosquito (D:12)
  An acid dragon (D:11)
  3 ice beasts
  Duvessa (D:7)
  2 orc warriors
  3 sky beasts
  A black bear (D:7)
  6 ogres
  A hornet zombie (D:11)
  2 necrophages
  A phantom (D:6)
  2 centaurs
  A big kobold (D:4)
  5 bullfrogs
  A gnoll sergeant (D:5)
  4 scorpions
  A wyvern skeleton (D:8)
  Dowan (D:7)
  5 killer bees (D:9)
  9 wights
  3 howler monkeys
  2 bullfrog zombies
  3 centaur zombies
  A quasit (D:7)
  2 hounds
  5 orc priests
  3 jellies
  5 orc wizards
  A bullfrog skeleton (D:5)
  3 centaur skeletons
  Jessica (D:3)
  Natasha (thrice) (D:4)
  3 iguanas
  6 worker ants
  3 big kobold zombies (Ossuary)
  2 hound zombies (D:6)
  5 mummies (Ossuary)
  A hound skeleton (D:4)
  5 gnolls (D:5)
  11 adders
  A shadow imp (D:8)
  An ooze (D:6)
  An adder zombie (D:9)
  An adder skeleton (D:5)
  2 worms
  5 dart slugs
  6 leopard geckos
  36 orcs
  A ball python (D:1)
  5 bats
  2 giant cockroaches
  3 goblins
  8 hobgoblins
  23 jackals
  A quokka (D:9)
  8 frilled lizards
  2 hobgoblin zombies (Ossuary)
  2 jackal skeletons
  5 kobolds
  2 leopard gecko skeletons
  2 quokka skeletons (D:7)
  7 rats
  A spectral orc (D:3)
259 creatures vanquished.

Vanquished Creatures (others)
  An unseen horror (D:12)
1 creature vanquished.

Grand Total: 260 creatures vanquished

Notes
Turn   | Place    | Note
-------+----------+-------------------------------------------
     0 | Abyss:1  | Gargoyl the Gnoll Abyssal Knight began the quest for the
                  | Orb.
     0 | Abyss:1  | Reached XP level 1. HP: 23/23 MP: 3/3
    50 | Abyss:3  | Noticed a worldbinder
    50 | Abyss:3  | Noticed a water elemental
    56 | Abyss:3  | Noticed a manticore
    56 | Abyss:3  | Noticed a manticore
    56 | Abyss:3  | Noticed a merfolk siren
    58 | D:1      | Escaped the Abyss
   203 | D:1      | Reached * piety under Lugonu
   209 | D:1      | Reached XP level 2. HP: 28/29 MP: 5/5
   382 | D:1      | Reached XP level 3. HP: 35/35 MP: 6/6
  1076 | D:2      | Reached ** piety under Lugonu
  1134 | D:2      | Reached skill level 1 in Short Blades
  1134 | D:2      | Reached skill level 1 in Long Blades
  1134 | D:2      | Reached skill level 1 in Maces & Flails
  1134 | D:2      | Reached skill level 1 in Polearms
  1134 | D:2      | Reached skill level 1 in Staves
  1134 | D:2      | Reached skill level 1 in Slings
  1134 | D:2      | Reached skill level 1 in Bows
  1134 | D:2      | Reached skill level 1 in Crossbows
  1134 | D:2      | Reached skill level 1 in Throwing
  1134 | D:2      | Reached skill level 1 in Stealth
  1134 | D:2      | Reached skill level 1 in Shields
  1134 | D:2      | Reached skill level 1 in Unarmed Combat
  1134 | D:2      | Reached skill level 1 in Spellcasting
  1134 | D:2      | Reached skill level 1 in Evocations
  1184 | D:2      | Reached XP level 4. HP: 41/41 MP: 7/7
  1302 | D:2      | Found a shimmering altar of Xom.
  1450 | D:3      | Reached skill level 1 in Conjurations
  1450 | D:3      | Reached skill level 1 in Hexes
  1450 | D:3      | Reached skill level 1 in Summonings
  1450 | D:3      | Reached skill level 1 in Necromancy
  1450 | D:3      | Reached skill level 1 in Translocations
  1450 | D:3      | Reached skill level 1 in Transmutations
  1450 | D:3      | Reached skill level 1 in Fire Magic
  1450 | D:3      | Reached skill level 1 in Ice Magic
  1450 | D:3      | Reached skill level 1 in Air Magic
  1450 | D:3      | Reached skill level 1 in Earth Magic
  1450 | D:3      | Reached skill level 1 in Poison Magic
  1455 | D:3      | Reached XP level 5. HP: 26/47 MP: 8/8
  2260 | D:3      | Reached skill level 5 in Invocations
  2260 | D:3      | Reached XP level 6. HP: 40/53 MP: 9/9
  2656 | D:3      | Noticed Jessica
  2672 | D:3      | Killed Jessica
  2673 | D:3      | Reached skill level 5 in Axes
  2673 | D:3      | Reached skill level 5 in Armour
  2964 | D:3      | Found a transporter.
  2981 | D:3      | Found a transporter.
  3029 | D:3      | Found a basalt altar of Yredelemnul.
  3184 | D:4      | Reached *** piety under Lugonu
  3301 | D:4      | Reached XP level 7. HP: 54/59 MP: 10/10
  3502 | D:4      | Noticed Natasha
  3517 | D:4      | Killed Natasha
  3518 | D:4      | Reached skill level 7 in Fighting
  3596 | D:4      | Noticed Natasha
  3614 | D:4      | Killed Natasha
  3880 | D:4      | Noticed Natasha
  3889 | D:4      | Killed Natasha
  4102 | D:4      | Found an ancient bone altar of Kikubaaqudgha.
  4208 | D:4      | Found Ymor's Antique Weapon Shoppe.
  4244 | D:4      | Found a bloodstained altar of Trog.
  4629 | D:5      | Entered Level 5 of the Dungeon
  4702 | D:5      | Found a staircase to the Ecumenical Temple.
  4800 | D:4      | Reached XP level 8. HP: 61/67 MP: 12/12
  5869 | D:6      | Found a sand-covered staircase.
  5948 | D:6      | Reached **** piety under Lugonu
  5995 | D:6      | Found an opulent altar of Gozag.
  6000 | Ossuary  | Entered an ossuary
  6576 | D:6      | Reached XP level 9. HP: 67/72 MP: 14/14
  7277 | D:7      | Noticed Harold
  7344 | D:7      | Killed Harold
  7345 | D:7      | Reached skill level 8 in Fighting
  7345 | D:7      | Reached skill level 5 in Dodging
  7711 | D:7      | Noticed Dowan
  7716 | D:7      | Noticed Duvessa
  7716 | D:7      | You fall into a shaft and drop 2 floors!
  8160 | D:8      | Noticed a death yak
  8180 | D:8      | Banished a death yak
  8181 | D:8      | Reached skill level 5 in Short Blades
  8181 | D:8      | Reached skill level 5 in Long Blades
  8181 | D:8      | Reached skill level 5 in Maces & Flails
  8181 | D:8      | Reached skill level 5 in Polearms
  8181 | D:8      | Reached skill level 5 in Staves
  8181 | D:8      | Reached skill level 5 in Slings
  8181 | D:8      | Reached skill level 5 in Bows
  8181 | D:8      | Reached skill level 5 in Crossbows
  8181 | D:8      | Reached skill level 5 in Throwing
  8181 | D:8      | Reached skill level 5 in Stealth
  8181 | D:8      | Reached skill level 5 in Shields
  8181 | D:8      | Reached skill level 5 in Unarmed Combat
  8181 | D:8      | Reached skill level 5 in Spellcasting
  8181 | D:8      | Reached skill level 5 in Evocations
  8181 | D:8      | Reached XP level 10. HP: 37/81 MP: 11/17
  8393 | D:8      | Noticed an elephant
  8408 | D:8      | Killed an elephant
  8670 | D:8      | Noticed a cyclops
  8826 | D:8      | Found a staircase to the Lair.
  9057 | D:7      | Found a white marble altar of Elyvilon.
  9079 | D:7      | Found a broken altar of Ashenzari.
  9254 | D:7      | Killed Dowan
  9263 | D:7      | Killed Duvessa
  9977 | D:8      | Got a brightly glowing halberd
  9978 | D:8      | Identified the +5 halberd "Liptafin" {antimagic, Str+4
                  | Stlth+} (You found it on level 8 of the Dungeon)
 10015 | D:8      | Found an opulent altar of Gozag.
 10234 | D:9      | Noticed a centaur warrior
 10452 | D:9      | Killed a centaur warrior
 10899 | D:9      | Upgraded the game from 0.26-a0-1129-gc5df7fbe6a to
                  | 0.26-a0-1132-ge9770dfcb6
 11182 | D:10     | Entered Level 10 of the Dungeon
 11337 | D:10     | Reached XP level 11. HP: 68/87 MP: 19/19
 11629 | D:10     | Reached ***** piety under Lugonu
 12020 | D:10     | Reached skill level 9 in Fighting
 12689 | D:11     | Noticed a boulder beetle
 12715 | D:11     | Killed a boulder beetle
 12716 | D:11     | Reached skill level 5 in Conjurations
 12716 | D:11     | Reached skill level 5 in Hexes
 12716 | D:11     | Reached skill level 5 in Summonings
 12716 | D:11     | Reached skill level 5 in Necromancy
 12716 | D:11     | Reached skill level 5 in Translocations
 12716 | D:11     | Reached skill level 5 in Transmutations
 12716 | D:11     | Reached skill level 5 in Fire Magic
 12716 | D:11     | Reached skill level 5 in Ice Magic
 12716 | D:11     | Reached skill level 5 in Air Magic
 12716 | D:11     | Reached skill level 5 in Earth Magic
 12716 | D:11     | Reached skill level 5 in Poison Magic
 12946 | D:11     | Killed an unseen horror
 13430 | D:11     | Gained mutation: Your muscles are strong. (Str +2) [potion
                  | of mutation]
 13430 | D:11     | Gained mutation: Scrolls take you a little longer to read.
                  | [potion of mutation]
 13430 | D:11     | Gained mutation: Your magical capacity is low. (-10% MP)
                  | [potion of mutation]
 13430 | D:11     | Gained mutation: You have a pair of small horns on your
                  | head. [potion of mutation]
 13533 | D:11     | Noticed a cyclops
 13542 | D:11     | Killed a cyclops
 13660 | D:11     | Got a sparkling iron amulet
 13697 | D:11     | Identified the amulet "Ixarchom" {rN+ Regen+ Str+2 Stlth+}
                  | (You found it on level 11 of the Dungeon)
 13995 | D:11     | Noticed a centaur warrior
 13998 | D:11     | Noticed a catoblepas
 14040 | D:11     | Killed a centaur warrior
 14493 | D:11     | Killed a catoblepas
 14968 | D:12     | Noticed Maurice
 14986 | D:12     | Noticed a manticore
 14991 | D:12     | Noticed a manticore
 14993 | D:12     | HP: 4/89 [disintegration (11)]
 14994 | D:12     | Noticed a manticore
 14994 | D:12     | Killed an unseen horror
 14995 | D:12     | Killed from afar by a manticore

Illustrated notes

Levels and vault maps discovered:
D:1:      dpeg_arrival_connections, layout_loops_corners, nrook_campfire
D:2:      layout_rooms, lemuel_doored_altar
D:3:      gammafunk_steamed_eel, layout_basic,
          yredelemnul_forgotten_temple_becter, moated_statue, uniq_jessica
D:4:      minmay_diamond_boxcup, layout_basic, kiku_gazebo_pond_becter,
          bloody_trog, serial_shops, nicolae_shop_statue_plus, uniq_natasha
D:5:      layout_rooms, temple_hall
D:6:      layout_gridville, basic_altar, nicolae_ossuary_entry_false_entrances,
          hangedman_decor_riveting
D:7:      layout_gridville, elyvilon_altar_4, ashenzari_altar_1, uniq_harold,
          uniq_duvessa
D:8:      layout_loops_cross, grunt_gozag_breadcrumbs, david_lair_generic,
          lightli_corner_chamber
D:9:      layout_rooms, hangedman_abyss_or_decor_clamps
D:10:     layout_layer_cave, nicolae_two_hexagons
D:11:     minmay_cornered_nines, layout_loops_ring
D:12:     layout_basic, orc_0_dummy, uniq_sonja, uniq_maurice, uniq_erolcha

Skill      XL: |  1  2  3  4  5  6  7  8  9 10 11 |
---------------+----------------------------------+-----
Short Blades   | 1 2 3 5 6 |  6.7
Long Blades    | 1 2 3 5 6 |  6.7
Maces & Flails | 1 2 3 5 6 |  6.7
Polearms       | 1 2 3 5 6 |  6.7
Staves         | 1 2 3 5 6 |  6.7
Slings         | 1 2 3 5 6 |  6.7
Bows           | 1 2 3 5 6 |  6.7
Crossbows      | 1 2 3 5 6 |  6.7
Throwing       | 1 2 3 5 6 |  6.7
Stealth        | 1 2 3 5 6 |  6.7
Shields        | 1 2 3 5 6 |  6.7
Unarmed Combat | 1 2 3 5 6 |  6.7
Spellcasting   | 1 2 3 5 6 |  6.7
Evocations     | 1 2 3 5 6 |  6.7
Conjurations   | 1 2 3 4 5 |  5.5
Hexes          | 1 2 3 4 5 |  5.5
Summonings     | 1 2 3 4 5 |  5.5
Necromancy     | 1 2 3 4 5 |  5.5
Translocations | 1 2 3 4 5 |  5.5
Transmutations | 1 2 3 4 5 |  5.5
Fire Magic     | 1 2 3 4 5 |  5.5
Ice Magic      | 1 2 3 4 5 |  5.5
Air Magic      | 1 2 3 4 5 |  5.5
Earth Magic    | 1 2 3 4 5 |  5.5
Poison Magic   | 1 2 3 4 5 |  5.5
Dodging        | 3 4 5 6 7 |  7.2
Invocations    | 5 6 7 8 |  8.7
Axes           | 5 6 7 8 |  8.2
Armour         | 5 6 7 8 |  8.2
Fighting       | 7 8 9 |  9.4

Action                   |  1- 3 |  4- 6 |  7- 9 | 10-12 || total
-------------------------+-------+-------+-------+-------++-------
Melee: Hand axe          |    97 |   153 |   544 |       ||   794
       Bite              |     9 |    23 |    72 |    58 ||   162
       Punch             |       |     2 |    10 |    15 ||    27
       Unarmed           |       |    15 |       |       ||    15
       Demon blade       |       |       |     4 |   380 ||   384
       Headbutt          |       |       |       |    26 ||    26
Invok: Depart the Abyss  |     1 |       |       |       ||     1
       Banish            |       |       |     1 |     4 ||     5
       Bend Space        |       |       |       |     1 ||     1
  Use: Scroll            |       |     5 |     7 |    18 ||    30
       Potion            |       |       |     2 |     4 ||     6
Armor: Chain mail        |    54 |   114 |   236 |   194 ||   598
       Skin              |       |       |    27 |       ||    27
Dodge: Dodged            |    40 |   102 |   280 |   294 ||   716
       Repelled          |       |       |       |     5 ||     5
Block: Other             |       |       |   127 |    99 ||   226
       Reflection        |       |       |       |     6 ||     6
       Rpst.: Demon blade |       |       |     1 |    82 ||    83

Table legend: (Time is in decaauts)
 A = Elapsed time spent in this place.
 B = Non-inter-level travel time spent in this place.
 C = Inter-level travel time spent in this place.
 D = Time resting spent in this place.
 E = Time spent auto-exploring this place.
 F = Levels seen in this place.
 G = Mean time per level.
                   A        B        C        D        E       F      G
               +--------+--------+--------+--------+--------+-----+--------+
         Total |  15033 |  14616 |    417 |   2660 |   9178 |  16 |  939.6 |
       Dungeon |  14457 |  14040 |    417 |   2419 |   9025 |  12 | 1204.8 |
         Abyss |     57 |     57 |      0 |      0 |     14 |   3 |   19.0 |
       Ossuary |    519 |    519 |      0 |    241 |    139 |   1 |  519.0 |
               +--------+--------+--------+--------+--------+-----+--------+

Top non-repeatable levels by time:
    D:11: 2059 daAuts
     D:3: 1768 daAuts
     D:4: 1742 daAuts
    D:10: 1702 daAuts
     D:7: 1487 daAuts
     D:8: 1468 daAuts
     D:9: 1099 daAuts
     D:1: 939 daAuts
     D:6: 915 daAuts
     D:5: 795 daAuts
 Ossuary: 519 daAuts
     D:2: 427 daAuts
    D:12: 51 daAuts
 Abyss:2: 42 daAuts
 Abyss:3: 7 daAuts
